 Dungeon Crawl Stone Soup version 0.25.0-9-g26727b657a (webtiles) character file.

Game seed: 842270754369756429

1894 Lanoc the Arsonist (level 8, -1/52 HPs)
             Began as a Demonspawn Fire Elementalist on June 16, 2020.
             Was a Believer of Sif Muna.
             Slain by a yak (18 damage)
             ... on level 7 of the Dungeon.
             The game lasted 00:12:09 (7056 turns).

Lanoc the Arsonist (Demonspawn Fire Elementalist)   Turns: 7056, Time: 00:12:09

Health: -1/52      AC:  7    Str: 14    XL:     8   Next: 93%
Magic:  7/11       EV: 15    Int: 26    God:    Sif Muna [**....]
Gold:   356        SH:  0    Dex: 13    Spells: 3/11 levels left

rFire    . . .     SeeInvis .   E - +6 mace "Giafitwa" {freeze, rElec Str+5 Int+7}
rCold    . . .     Gourm    .   (no shield)
rNeg     . . .     Faith    .   q - +0 robe (curse)
rPois    .         Spirit   .   B - +2 hat
rElec    +         Reflect  .   (no cloak)
rCorr    +         Harm     .   (no gloves)
MR       .....                  (no boots)
Stlth    ++........             o - amulet of regeneration
HPRegen  0.57/turn              C - ring of resist corrosion
MPRegen  0.12/turn              (no ring)

@: no status effects
A: claws 2, slimy green scales 2, demonic guardian 1, powered by death 1
a: Channel Magic, Renounce Religion


You were on level 7 of the Dungeon.
You worshipped Sif Muna.
Sif Muna was pleased with you.
You were not hungry.

You visited 1 branch of the dungeon, and saw 7 of its levels.

You collected 356 gold pieces.

Inventory:

Hand Weapons
 E - the +6 mace "Giafitwa" (weapon) {freeze, rElec Str+5 Int+7}
   (You found it on level 7 of the Dungeon)

   It has been specially enchanted to freeze those struck by it, causing extra
   injury to most foes and up to half again as much damage against particularly
   susceptible opponents.
   It can also slow down cold-blooded creatures.
   It affects your strength (+5).
   It affects your intelligence (+7).
   It insulates you from electricity.
Armour
 q - a cursed +0 robe (worn)
 r - a +1 robe of resistance
 B - a +2 hat (worn)
Jewellery
 o - an amulet of regeneration (around neck)
 C - a ring of resist corrosion (left claw)
Wands
 s - a wand of polymorph (5)
 t - a wand of iceblast (10)
 y - a wand of acid (9)
Scrolls
 b - a scroll of magic mapping
 d - 5 scrolls of remove curse
 e - 3 scrolls of amnesia {unknown}
 g - 6 scrolls of teleportation {unknown}
 n - 4 scrolls of blinking {unknown}
 p - 2 scrolls of noise {unknown}
 u - 2 scrolls of enchant armour {unknown}
 v - 2 scrolls of fear {unknown}
 A - 5 scrolls of identify {unknown}
Potions
 a - a potion of flight {unknown}
 f - 2 potions of degeneration {unknown}
 h - 3 potions of curing {unknown}
 i - a potion of lignification {unknown}
 j - 3 potions of might {unknown}
 k - 2 potions of stabbing {unknown}
 l - a potion of haste {unknown}
 m - a potion of brilliance {unknown}
 w - 2 potions of ambrosia {unknown}
 x - a potion of mutation {unknown}
 z - 2 potions of magic {unknown}
Comestibles
 c - 13 rations
 D - 7 chunks of flesh


   Skills:
 + Level 5.5 Dodging
 - Level 1.7 Stealth
 - Level 2.0 Spellcasting
 + Level 5.8 Conjurations
 * Level 8.0 Fire Magic


You had 3 spell levels left.
You knew the following spells:

 Your Spells              Type           Power        Failure   Level  Hunger
a - Foxfire               Conj/Fire      ####         1%          1    None
b - Conjure Flame         Conj/Fire      #####...     1%          3    ###....
c - Sticky Flame          Conj/Fire      #####...     6%          4    ####...

Your spell library contained the following spells:

 Spells                   Type           Power        Failure   Level  Hunger
 Inner Flame              Hex/Fire       ###.....     6%          3    ###....
 Animate Skeleton         Necr           N/A          11%         1    None
 Apportation              Tloc           #.....       11%         1    None
 Corona                   Hex            #......      11%         1    None
 Summon Small Mammal      Summ           #...         11%         1    None
 Slow                     Hex            #.......     16%         2    ##.....
 Portal Projectile        Hex/Tloc       #.....       30%         3    ###....
 Fireball                 Conj/Fire      #####.....   17%         5    ######.
 Cause Fear               Hex            #.........   71%         4    ####...
 Leda's Liquefaction      Hex/Erth       #.........   71%         4    ####...


Dungeon Overview and Level Annotations

Branches:
Dungeon (7/15)             Temple (0/1) D:5

Altars:
Fedhas
Hepliaklqana
Qazlal
Ru
Sif Muna
Xom
The Shining One

Shops:
D:5 [

Annotations:
D:4 exclusion: oklob plant
D:6 2 transporters


Innate Abilities, Weirdness & Mutations

You have very sharp fingernails.
You are mostly covered in slimy green scales. (AC +3)
A weak demonic guardian rushes to your aid.
You regenerate a little health from kills.


Message History

Casting: Foxfire (safe; 1% risk of failure)
Confirm with . or Enter, or press ? or * to list all spells.
You conjure some foxfire!
The hog bites you.
You hit the hog but do no damage.
The foxfire hits the hog.
The hog is lightly wounded.
The foxfire hits the hog.
The hog is lightly wounded.
The hog bites you.
Casting: Foxfire (safe; 1% risk of failure)
Confirm with . or Enter, or press ? or * to list all spells.
You conjure some foxfire!
The foxfire hits the hog.
The hog is almost dead.
The hog closely misses you.
You sock the hog! You freeze the hog.
The hog is heavily wounded.
The foxfire hits the hog.
The hog is heavily wounded.
The hog bites you. x2; The hog misses you.
The hog misses you. The yak gores you!!
You die...

.#...#####.####..##.# #.#
#.# ..)..............##)#
#.# #.#
##.Y.#####.#####.)#.# #.#
#.# ####.# #.# #.>..>###)#
#.# #
#.#####.####.###).##.# #.#
# #......h##...# #.....#
#.# #
#....Yp..5.#.###..#### #.#
# ##.####.####hY...## #.# #
#.# #.Zp..h@...# #.# # #.#
##.#####.### #.# #####.##
#.# #.# #.# .......# #.#
#.# #.# #####..# #.# #.#
#.# #..####.#####.## #.#
#..............# #.#
##.#######.###.##########.#
#.........#
#............###


You could see a yak, 2 hogs, a human and an adder skeleton.

Vanquished Creatures
  A hungry ghost (D:7)
  2 ice beasts
  A sky beast (D:6)
  2 ogres
  A centaur (D:5)
  A bullfrog (D:4)
  A scorpion (D:5)
  4 howler monkeys
  2 crimson imps (D:7)
  A bullfrog zombie (D:6)
  2 hounds
  2 orc priests (D:5)
  3 orc wizards (D:7)
  7 worker ants
  A hound zombie (D:5)
  A hound skeleton (D:7)
  A worker ant zombie (D:7)
  4 gnolls (D:5)
  6 adders
  A shadow imp (D:5)
  2 oozes
  A worm (D:4)
  3 dart slugs
  4 leopard geckos
  10 orcs
  2 giant cockroaches
  5 goblins
  6 hobgoblins
  15 jackals
  3 quokkas
  4 bats
  6 frilled lizards
  2 giant cockroach zombies
  5 kobolds
  2 leopard gecko skeletons
  A quokka skeleton (D:6)
  4 rats (D:2)
119 creatures vanquished.

Vanquished Creatures (collateral kills)
  A hippogriff (D:6)
  A black bear (D:6)
  An ogre (D:4)
  2 crimson imps (D:6)
  Jessica (D:3)
  A dart slug (D:4)
  An orc (D:4)
  A giant cockroach (D:4)
9 creatures vanquished.

Vanquished Creatures (others)
  349 foxfires
349 creatures vanquished.

Grand Total: 477 creatures vanquished

Notes
Turn   | Place    | Note
-------+----------+-------------------------------------------
     0 | D:1      | Lanoc the Demonspawn Fire Elementalist began the quest for
                  | the Orb.
     0 | D:1      | Reached XP level 1. HP: 13/13 MP: 3/3
   200 | D:1      | Reached skill level 3 in Fire Magic
   200 | D:1      | Gained mutation: A weak demonic guardian rushes to your
                  | aid. [demonic ancestry]
   200 | D:1      | Reached XP level 2. HP: 1/19 MP: 0/5
  1425 | D:2      | Gained mutation: You are partially covered in slimy green
                  | scales. (AC +2) [demonic ancestry]
  1425 | D:2      | Reached XP level 3. HP: 24/24 MP: 4/6
  1821 | D:2      | Found a shimmering blue altar of Sif Muna.
  1841 | D:2      | Became a worshipper of Sif Muna the Loreminder
  2267 | D:3      | Gained mutation: You have sharp fingernails. [demonic
                  | ancestry]
  2267 | D:3      | Reached XP level 4. HP: 30/30 MP: 4/7
  2304 | D:3      | Found a glowing golden altar of the Shining One.
  2802 | D:3      | Noticed Jessica
  2811 | D:3      | Killed Jessica
  2811 | D:3      | Reached skill level 4 in Fire Magic
  2822 | D:3      | Learned a level 3 spell: Conjure Flame
  3422 | D:4      | Got a jewelled long sword
  3423 | D:4      | Identified the +4 long sword "Nyureo" {pain, Int+5} (You
                  | found it on level 4 of the Dungeon)
  3435 | D:4      | Noticed a bullfrog
  3441 | D:4      | Killed a bullfrog
  3441 | D:4      | Reached XP level 5. HP: 23/35 MP: 6/8
  3689 | D:4      | Found a shimmering altar of Xom.
  3690 | D:4      | Found a hazy altar of Hepliaklqana.
  3690 | D:4      | Noticed a hell beast
  3691 | D:4      | Noticed a spectral ugly thing
  3726 | D:4      | Found a sacrificial altar of Ru.
  3729 | D:4      | Noticed an ogre
  3736 | D:4      | Killed an ogre
  3736 | D:4      | Gained mutation: You regenerate a little health from kills.
                  | [demonic ancestry]
  3736 | D:4      | Reached XP level 6. HP: 41/41 MP: 7/9
  3960 | D:4      | Reached skill level 5 in Fire Magic
  3961 | D:4      | Reached * piety under Sif Muna
  4162 | D:4      | Found a blossoming altar of Fedhas.
  4174 | D:4      | Noticed an oklob plant
  4313 | D:5      | Entered Level 5 of the Dungeon
  4382 | D:5      | Found a staircase to the Ecumenical Temple.
  4537 | D:5      | Gained mutation: You are mostly covered in slimy green
                  | scales. (AC +3) [demonic ancestry]
  4537 | D:5      | Reached XP level 7. HP: 46/46 MP: 7/10
  4669 | D:5      | Found Gumanetwe's Antique Armour Emporium.
  4676 | D:5      | Found a stormy altar of Qazlal.
  5002 | D:5      | Reached skill level 6 in Fire Magic
  5293 | D:6      | Noticed an eight-headed hydra
  5368 | D:6      | Found a transporter.
  5729 | D:6      | Gained mutation: You have very sharp fingernails. [demonic
                  | ancestry]
  5729 | D:6      | Reached XP level 8. HP: 52/52 MP: 9/11
  5794 | D:6      | Reached ** piety under Sif Muna
  5929 | D:6      | Found a transporter.
  6131 | D:6      | Noticed a hippogriff
  6141 | D:6      | Killed a hippogriff
  6141 | D:6      | Reached skill level 5 in Conjurations
  6141 | D:6      | Reached skill level 7 in Fire Magic
  6477 | D:7      | Learned a level 4 spell: Sticky Flame
  6654 | D:7      | Reached skill level 5 in Dodging
  6840 | D:7      | Got a dazzling mace
  6841 | D:7      | Identified the +6 mace "Giafitwa" {freeze, rElec Str+5
                  | Int+7} (You found it on level 7 of the Dungeon)
  6974 | D:7      | Reached skill level 8 in Fire Magic
  7056 | D:7      | Slain by a yak

Illustrated notes

Levels and vault maps discovered:
D:1:      evilmike_arrival_rings, layout_rooms
D:2:      layout_loops_ring, nicolae_overflow_crystal_walls
D:3:      layout_loops_ring, lemuel_coloured_pillars_altar, uniq_jessica
D:4:      layout_gridville, regret_index_temple_of_mockery, lemuel_doored_altar,
          tgw_fedhas
D:5:      layout_basic, nicolae_qazlal_general_emergency,
          minmay_temple_entry_from_below_a, first_ration, serial_shops,
          nicolae_shop_trees
D:6:      gammafunk_cloud_chamber, layout_loops_corners
D:7:      layout_loops_ring, chequers_temple_overflow_statue_of_worship,
          nicolae_overflow_hidden_temple, grunt_livestock, uniq_joseph

Skill      XL: |  1  2  3  4  5  6  7  8 |
---------------+-------------------------+-----
Dodging        | 2 3 4 5 |  5.5
Fire Magic     | 3 4 5 6 8 |  8.0
Conjurations   | 2 3 4 5 |  5.8
Stealth        | |  1.7
Spellcasting   | |  2.0

Action                   |  1- 3 |  4- 6 |  7- 9 || total
-------------------------+-------+-------+-------++-------
Melee: Unarmed           |    18 |    25 |       ||    43
       Long sword        |       |    35 |    70 ||   105
       Mace              |       |       |    21 ||    21
 Cast: Foxfire           |    64 |    78 |    94 ||   236
  Use: Potion            |     1 |       |       ||     1
       Scroll            |     2 |       |       ||     2
 Stab: Sleeping          |     1 |       |     2 ||     3
       Distracted        |       |       |     2 ||     2
  Eat: Chunk             |     5 |     8 |     8 ||    21
Armor: Robe              |    11 |    19 |    36 ||    66
Dodge: Dodged            |    39 |    66 |   104 ||   209
       Rpst.: Long sword |       |     6 |    17 ||    23
